Map: Lerilak Crest

Players

LilDicky - Winner!

  • Race: Terran Terran
  • League: Diamond

BlackLotus

  • Race: Protoss Protoss
  • League: Gold

VOD

http://www.twitch.tv/tumescentpie

Description

Time

  • Played on: Dec. 6, 2015, 4:30 p.m.
  • Length: 8:10
Show
View Real Time Build Order
Export as new Build Order

LilDicky Terran - Winner!

Build Orders: MMM Bio 

Get SALT Encoding   

  12  0:02  SCV  
  13  0:15  SCV  
  14  0:24  Supply Depot  
  14  0:30  SCV  
  15  0:41  Refinery  
  15  0:45  SCV  
  15  0:47  Barracks  
  16  0:58  SCV  
  17  1:10  SCV  
  18  1:22  SCV  
  19  1:34  Marine  
  19  1:38  Supply Depot  
  20  1:48  Orbital Command  
  20  1:58  Marine  
  21  2:05  Factory  
  21  2:12  Barracks  
  21  2:15  Barracks  
  21  2:23  Barracks Reactor  
  21  2:42  SCV  
  22  2:46  Refinery  
  22  2:51  Supply Depot  
  21  3:02  Barracks Tech Lab  
  21  3:03  Barracks Tech Lab  
  21  3:04  Marine x2  
  24  3:05  SCV  
  24  3:09  Widow Mine  
  26  3:17  SCV  
  27  3:21  Supply Depot  
  27  3:22  Marine x2  
  29  3:29  SCV  
  30  3:35  Combat Shields, Stimpack, Marine  
  31  3:42  SCV  
  31  3:45  Marauder  
  32  3:54  Marine  
  32  3:55  Marine  
  36  3:56  SCV, Marauder  
  36  3:58  Supply Depot  
  37  4:08  SCV, Marauder  
  40  4:14  Marine  
  40  4:15  Marine  
  42  4:22  Marauder  
  43  4:29  Marine  
  44  4:39  Marine x2  
  44  4:43  Marauder  
  48  4:47  Marine  
  49  5:05  Marauder x2  
  52  5:16  Marine x2  
  53  5:26  Marauder  
  54  5:30  Marauder  
  54  5:33  Marine  
  55  5:36  Marine  
  53  5:51  Marauder  
  55  6:00  Marine  
  55  6:01  Marine x2  
  50  6:12  Marine  
  50  6:18  Marine  
  48  6:19  Marine  
  48  6:20  Marauder  
  52  6:30  Marauder  
  54  6:36  Marine  
  55  6:41  Marine  
  55  6:43  Marauder  
  54  6:51  Marine  
  54  6:52  SCV  
  54  6:54  Marine  
  51  7:02  Marine  
  51  7:05  Command Center, Marauder  
  49  7:08  Supply Depot  
  49  7:09  Marine  
  49  7:13  Barracks  
  45  7:18  Marine  
  45  7:20  Marine  
  45  7:26  Barracks  
  45  7:27  Concussive Shells  
  45  7:29  Marine x2  
  47  7:36  Marine  
  48  7:38  Marine  
Show
View Real Time Build Order
Export as new Build Order

BlackLotus Protoss 

Build Orders: Blink Stalkers 

Get SALT Encoding   

  12  0:01  Probe (Chrono Boost)  
  13  0:11  Probe (Chrono Boost)  
  14  0:21  Pylon  
  14  0:24  Probe (Chrono Boost)  
  15  0:40  Probe (Chrono Boost)  
  15  0:42  Gateway  
  16  0:50  Probe (Chrono Boost), Assimilator  
  16  0:56  Assimilator  
  17  1:01  Probe (Chrono Boost)  
  18  1:04  Pylon  
  19  1:11  Probe (Chrono Boost)  
  19  1:22  Probe (Chrono Boost)  
  20  1:29  Cybernetics Core  
  20  1:32  Probe (Chrono Boost)  
  21  1:43  Probe (Chrono Boost)  
  22  1:53  Probe (Chrono Boost)  
  23  2:04  Probe (Chrono Boost)  
  23  2:05  Warp Gate  
  24  2:15  Mothership Core (Chrono Boost)  
  26  2:29  Nexus  
  26  2:31  Pylon  
  26  2:36  Probe (Chrono Boost)  
  27  2:37  Stalker (Chrono Boost)  
  29  2:48  Probe  
  30  2:52  Twilight Council  
  30  3:00  Probe  
  30  3:05  Stalker (Chrono Boost)  
  33  3:12  Probe  
  34  3:25  Probe  
  35  3:30  Stalker (Chrono Boost)  
  37  3:35  Blink (Chrono Boost)  
  37  3:37  Probe  
  38  3:51  Robotics Facility  
  38  3:54  Probe x2  
  40  4:04  Probe  
  40  4:06  Probe  
  42  4:15  Probe  
  42  4:16  Pylon  
  43  4:18  Probe  
  44  4:25  Probe  
  44  4:28  Pylon  
  44  4:29  Pylon  
  44  4:30  Probe  
  45  4:36  Probe  
  46  4:41  Observer  
  46  4:42  Probe  
  48  4:49  Robotics Bay  
  48  4:52  Assimilator  
  48  4:54  Stalker  
  48  4:56  Probe  
  48  4:57  Assimilator  
  48  4:58  Probe  
  52  5:03  Observer  
  53  5:07  Probe, Pylon  
  53  5:10  Probe  
  53  5:13  Pylon  
  53  5:20  Pylon  
  53  5:27  Stalker  
  55  5:30  Immortal  
  47  5:53  Stalker  
  47  5:55  Gateway  
  49  5:57  Gateway  
  49  5:58  Gateway  
  38  6:16  Probe  
  38  6:17  Probe  
  40  6:26  Probe  
  40  6:29  Probe  
  42  6:33  Immortal  
  20  7:28  Gateway  
  20  7:30  Probe (Chrono Boost)  
  20  7:31  Probe (Chrono Boost)  
  20  7:35  Gateway x2  
  22  7:37  Gateway  
  22  7:41  Probe (Chrono Boost), Pylon  
  22  7:42  Probe (Chrono Boost), Pylon  
  24  7:46  Pylon  
  17  8:00  Stalker  
Tags
 
Add a new tag
Caveats
  • Supply blocks, unpowered buildings, or Contaminate may cause inaccurate times.
  • Supply counts are checked every 10 seconds.